 Dungeon Crawl Stone Soup version 0.31-a0-229-g1fc7ce93e2 (webtiles) character file.

Game seed: 5318491070023740179

539 qw the Shooter (level 7, 0/41 HPs)
             Began as a Gargoyle Hexslinger on July 6, 2023.
             Slain by Dowan
             ... wielding a +0 dagger
              (4 damage)
             ... on level 5 of the Dungeon.
             The game lasted 00:01:01 (2752 turns).

qw the Shooter (Gargoyle Hexslinger)                Turns: 2752, Time: 00:01:01

Health: 0/41       AC: 12    Str: 11    XL:     7   Next: 26%
Magic:  8/8        EV: 10    Int: 14    God:
Gold:   206        SH:  0    Dex: 14    Spells: 7/8 levels left

rFire   . . .        Y - +2 longbow (flame)
rCold   . . .        (shield currently unavailable)
rNeg    + . .        j - +0 ring mail
rPois   inf          b - +0 helmet
rElec   +            h - +0 cloak
rCorr   .            (no gloves)
SInv    .            (no boots)
Will    .....        (no amulet)
Stlth   +            (no ring)
HPRegen 0.26/turn    (no ring)
MPRegen 0.11/turn

%: no passive effects
@: about to teleport
A: sickness immunity, AC +4, negative energy resistance 1, electricity
resistance, torment resistance 1, petrification resistance
a: no special abilities


You were on level 5 of the Dungeon.
You visited 1 branch of the dungeon, and saw 5 of its levels.

You collected 206 gold pieces.


Innate Abilities, Weirdness & Mutations

You are immune to sickness and miasma.
Your stone body is resilient. (AC +4)
You are immune to poison.
You resist negative energy. (rN+)
You are resistant to electric shocks. (rElec)
You are resistant to unholy torment.
You are immune to petrification.


   Skills:
 + Level 3.6 Fighting
 - Level 6.7 Ranged Weapons
 - Level 1.8 Armour
 - Level 1.5 Dodging
 - Level 1.0 Spellcasting
 - Level 2.6 Hexes


You had 7 spell levels left.
You knew the following spells:

 Your Spells              Type           Power      Damage    Failure   Level
a - Slow                  Hex            32%        N/A       21%         1

Your spell library contained the following spells:

 Spells                   Type           Power      Damage    Failure   Level
 Inner Flame              Hex/Fire       4%         N/A       71%         3
 Portal Projectile        Hex/Tloc       8%         N/A       71%         3
 Cause Fear               Hex            4%         N/A       90%         4

Inventory:

Hand Weapons
 Y - a +2 longbow of flaming (weapon)
Armour
 b - a +0 helmet (worn)
 h - a +0 cloak (worn)
 j - a +0 ring mail (worn)
Jewellery
 k - a ring of ice
Scrolls
 d - a scroll of teleportation
Potions
 a - a potion of haste {unknown}
 c - a potion of curing {unknown}
 e - a potion of mutation {unknown}
 f - 2 potions of resistance

Dungeon Overview and Level Annotations

Branches:
Dungeon (5/15)
 Temple: D:4-7

Altars:
Gozag
Kikubaaqudgha

Shops:
D:1 ?

Annotations:
D:5 Dowan, Duvessa


Message History

The orc throws a poisoned dart.
The poisoned dart hits you.
Dowan, Brother of Duvessa comes into view.
He is wielding a +0 dagger.
Duvessa, Sister of Dowan comes into view.
She is wielding a +0 short sword.
You shoot an arrow.
Duvessa shouts!
Dowan shouts!
The arrow hits the orc!
The arrow burns the orc.
You kill the orc!
Dowan casts a spell at you. The puff of frost misses you.
You shoot an arrow. The arrow closely misses the orc.
An ice beast comes into view.
The orc throws a silver boomerang.
The silver boomerang barely misses you.
You shoot an arrow. The arrow hits the orc.
The arrow burns the orc.
The orc is moderately wounded.
The orc throws a silver boomerang.
The silver boomerang misses you.
You shoot an arrow. The arrow hits the orc!
The arrow burns the orc.
You kill the orc!
Duvessa says, "My weaknesses are his strengths!"
Dowan points at you and mumbles some strange words.
The puff of flame hits you.
You shoot an arrow. The arrow hits Duvessa.
The arrow burns Duvessa.
Duvessa is lightly wounded.
You shoot an arrow. The arrow hits Duvessa!
The arrow burns Duvessa.
Duvessa is severely wounded.
The ice beast hits you. The ice beast freezes you! Duvessa closely misses you.
You shoot an arrow. The arrow barely misses Duvessa.
The ice beast hits you but does no damage.
Dowan hits you but does no damage. Duvessa hits you but does no damage.
You shoot an arrow. The arrow hits Duvessa.
The arrow burns Duvessa.
Duvessa is severely wounded.
The ice beast hits you. The ice beast freezes you!
Dowan hits you but does no damage. Duvessa hits you but does no damage.
The ice beast completely misses you. Duvessa misses you.
Dowan barely misses you.
2752 ||| READING 2 scrolls of teleportation.
As you read the scroll of teleportation, it crumbles to dust.
You feel strangely unstable.
The ice beast hits you but does no damage.
Dowan hits you with a +0 dagger.
You die...

.....# ....#
....# ....#
...########
######)........^
#....#))........
#....#@e..%.....
#....'eY.)......
#....#....)..)..
#....#..<.......
######..........
###########


You could see Duvessa, an ice beast and Dowan.

Vanquished Creatures
  Prince Ribbit (D:5)
  A howler monkey (D:4)
  A hound (D:4)
  A scorpion zombie (D:4)
  Natasha (twice) (D:4)
  2 orc wizards (D:5)
  2 hound skeletons (D:4)
  3 adders
  An ufetubus (D:4)
  An adder zombie (D:4)
  An adder skeleton (D:4)
  A worm (D:2)
  An adder simulacrum (D:4)
  2 dart slugs
  8 orcs
  5 bats
  4 endoplasms
  3 giant cockroaches
  6 goblins
  10 hobgoblins
  3 jackals
  2 quokkas
  2 ball pythons
  8 frilled lizards
  8 kobolds
  4 rats
83 creatures vanquished.

Notes
Turn   | Place    | Note
-------+----------+-------------------------------------------
     0 | D:1      | qw the Gargoyle Hexslinger began the quest for the Orb.
     0 | D:1      | Reached XP level 1. HP: 12/12 MP: 2/2
     0 | D:1      | 0 ||| qw: Version: 0.3-a-46-gb1f654a
     0 | D:1      | 0 ||| qw: Game counter: 1602
     0 | D:1      | 0 ||| qw: Melee chars always use a shield: true
     0 | D:1      | 0 ||| qw: God list: Okawaru
     0 | D:1      | 0 ||| qw: Allow faded altars: false
     0 | D:1      | 0 ||| qw: Do Orc after clearing Dungeon:15 true
     0 | D:1      | 0 ||| qw: Do second Lair branch before Depths: true
     0 | D:1      | 0 ||| qw: Lair rune preference: random
     0 | D:1      | 0 ||| qw: Goals: Normal
     0 | D:1      | 0 ||| PLANNING D:1-11
   152 | D:1      | Reached XP level 2. HP: 16/16 MP: 3/3
   169 | D:1      | Found The Oracle's Delphic Readings.
   177 | D:1      | 177 ||| SHOPLISTING 3 scrolls of identify (78 gold, have
                  | 16).
   251 | D:1      | Reached skill level 3 in Ranged Weapons
   760 | D:1      | 760 ||| READING scroll labelled GONEADDEFF.
   761 | D:1      | 761 ||| READING scroll labelled KIOSTRA BIOXT.
   765 | D:1      | 765 ||| READING scroll labelled RIBBOSI WIMPIMABAKH.
   765 | D:1      | Identified a scroll of acquirement
   765 | D:1      | 765 ||| ACQUIRING +2 longbow of flaming
   765 | D:1      | Acquired a +2 longbow of flaming
   767 | D:1      | 767 ||| SWAPPING to +2 longbow of flaming.
   768 | D:1      | 768 ||| DROPPING +1 sling.
   769 | D:1      | 769 ||| DRINKING 3 murky inky potions.
   770 | D:1      | 770 ||| DROPPING scroll of poison.
   823 | D:2      | 823 ||| STAIRDANCE
   828 | D:1      | Reached XP level 3. HP: 14/21 MP: 4/4
   974 | D:2      | Found an ancient bone altar of Kikubaaqudgha.
   992 | D:2      | Found a faded altar of an unknown god.
  1306 | D:2      | 1306 ||| UPGRADING to +0 helmet.
  1311 | D:2      | 1311 ||| UPGRADING to +0 leather armour.
  1321 | D:2      | 1321 ||| DROPPING +0 robe.
  1322 | D:2      | 1322 ||| DRINKING 2 clear potions.
  1323 | D:2      | 1323 ||| DROPPING potion of brilliance.
  1345 | D:3      | Reached XP level 4. HP: 25/26 MP: 5/5
  1379 | D:3      | Reached skill level 4 in Ranged Weapons
  1491 | D:3      | You fall into a shaft and drop 1 floor!
  1519 | D:4      | 1519 ||| UPGRADING to +0 cloak.
  2098 | D:3      | 2098 ||| READING scroll labelled TOONAN HULARPH.
  2099 | D:3      | 2099 ||| READING scroll labelled DYSMAI XOPRAIDD.
  2201 | D:4      | Reached XP level 5. HP: 30/30 MP: 6/6
  2222 | D:4      | Found an opulent altar of Gozag.
  2382 | D:4      | Reached skill level 5 in Ranged Weapons
  2399 | D:4      | Noticed Natasha
  2407 | D:4      | 2407 ||| Stepping ~*~*~tactically~*~*~ (outnumbered).
  2414 | D:4      | Killed Natasha
  2419 | D:4      | Reached skill level 3 in Fighting
  2430 | D:4      | Reached skill level 1 in Armour
  2430 | D:4      | Reached XP level 6. HP: 37/37 MP: 7/7
  2446 | D:4      | Identified the +8 dagger "Fehu Zeth" {pain, rN+ Int+3}
  2547 | D:4      | Noticed Natasha
  2550 | D:4      | Killed Natasha
  2633 | D:4      | 2633 ||| UPGRADING to +0 ring mail.
  2643 | D:4      | 2643 ||| DROPPING +0 leather armour.
  2644 | D:4      | 2644 ||| READING scroll labelled DAQIER QOKINY.
  2686 | D:5      | Entered Level 5 of the Dungeon
  2687 | D:5      | 2687 ||| PLANNING SEWER
  2691 | D:5      | Noticed Prince Ribbit
  2709 | D:5      | Killed Prince Ribbit
  2710 | D:5      | Reached skill level 6 in Ranged Weapons
  2710 | D:5      | Reached XP level 7. HP: 24/41 MP: 8/8
  2743 | D:5      | Noticed Dowan
  2743 | D:5      | Noticed Duvessa
  2751 | D:5      | HP: 4/41 [ice beast (14)]
  2752 | D:5      | 2752 ||| READING 2 scrolls of teleportation.
  2752 | D:5      | Slain by Dowan

Levels and vault maps discovered:
D:1:      erik_arrival_cave_to_civilisation [erik_arrival_cave_to_hall],
          layout_basic, nicolae_nh_oracle_at_delphi
D:2:      layout_rooms, shapermc_ecumenical_altar_acropolis, basic_altar
D:3:      minmay_skewed_foursquare, layout_loops_ring, amcnicky_mini_pool_small
D:4:      layout_gridville, grunt_gozag_breadcrumbs, dilly_guarded_unrand_morg
D:5:      layout_gridville, portal_sewer_entry_e, uniq_crazy_yiuf_cottage,
          uniq_duvessa, uniq_pikel, uniq_prince_ribbit1

Skill      XL: |  1  2  3  4  5  6 |
---------------+-------------------+-----
Ranged Weapons | 3 4 5 6 |  6.7
Fighting       | 2 3 |  3.6
Armour         | 1 |  1.8
Dodging        | |  1.5
Spellcasting   | |  1.0
Hexes          | |  2.6

Action                     |  1- 3 |  4- 6 |  7- 9 || total
---------------------------+-------+-------+-------++-------
   Fire: Sling             |    39 |       |       ||    39
         Longbow           |    50 |   101 |    14 ||   165
    Use: Scroll            |     3 |     3 |     1 ||     7
         Potion            |     2 |       |       ||     2
 Armour: Robe              |    19 |       |       ||    19
         Leather armour    |     1 |    17 |       ||    18
         Ring mail         |       |    15 |     6 ||    21
  Dodge: Dodged            |    43 |    33 |     8 ||    84

Table legend:
 A = Non-vault XP
 B = Vault XP
 C = Vault XP percentage of total XP
 D = Non-vault monster count
 E = Vault monster count
 F = Vault count percentage of total count
                 A         B        C        D         E       F
            +---------+---------+-------+---------+---------+-------
      Total |     352 |     418 |  54.3 |      65 |      18 |  21.7
            +---------+---------+-------+---------+---------+-------
        D:1 |      28 |       6 |  17.6 |      14 |       4 |  22.2
        D:2 |      41 |       0 |   0.0 |      17 |       0 |   0.0
        D:3 |      43 |      22 |  33.8 |      19 |       6 |  24.0
        D:4 |     152 |     126 |  45.3 |       7 |       7 |  50.0
        D:5 |      88 |     264 |  75.0 |       8 |       1 |  11.1
            +---------+---------+-------+---------+---------+-------
